Map: Ascension to Aiur LE

Players

newbiecraft - Winner!

  • Race: Zerg Zerg
  • League: Diamond
  • Spawn Location: 11:00

Dessa

  • Race: Zerg Zerg
  • League: Diamond
  • Spawn Location: 5:00

VOD

Have the link to the VOD?

Description

Time

  • Played on: Jan. 11, 2018, 6:42 a.m.
  • Length: 8:49
Show
View Real Time Build Order
Export as new Build Order

newbiecraft Zerg - Winner!

Build Orders: Hatch First 

Get SALT Encoding   

  12  0:01  Drone  
  13  0:13  Overlord  
  13  0:17  Drone  
  14  0:31  Drone x2  
  16  0:35  Drone  
  17  0:53  Hatchery  
  17  0:56  Drone  
  17  1:00  Drone  
  18  1:10  Extractor  
  17  1:15  Spawning Pool  
  16  1:18  Drone  
  16  1:22  Drone  
  18  1:29  Drone  
  19  1:40  Overlord  
  19  2:03  Zergling x4  
  19  2:04  Queen  
  19  2:07  Queen  
  19  2:08  Zergling x2  
  26  2:17  Drone x2  
  26  2:18  Metabolic Boost  
  28  2:26  Drone  
  28  2:28  Drone  
  30  2:36  Zergling x2  
  30  2:49  Zergling x6  
  33  2:58  Roach Warren  
  32  3:03  Drone x2  
  32  3:04  Queen  
  36  3:11  Evolution Chamber  
  31  3:38  Zergling x10  
  33  3:46  Zergling x2  
  32  4:03  Drone x2  
  32  4:09  Roach  
  36  4:10  Spine Crawler  
  36  4:11  Overlord  
  36  4:12  Overlord  
  35  4:28  Overlord x2  
  35  4:29  Queen  
  35  4:30  Roach  
  39  4:33  Queen  
  39  4:36  Roach  
  43  4:39  Zerg Missile Weapons Level 1  
  43  4:40  Drone  
  43  4:42  Drone  
  45  4:50  Roach  
  45  4:51  Roach x2  
  51  4:55  Drone x2  
  51  4:58  Roach  
  55  5:03  Drone  
  55  5:04  Drone  
  57  5:17  Drone x4  
  57  5:18  Drone  
  57  5:20  Extractor  
  61  5:22  Lair  
  61  5:36  Drone  
  61  5:37  Drone x2  
  61  5:39  Drone x2  
  61  5:40  Drone  
  61  5:41  Extractor  
  61  5:42  Overlord  
  66  5:59  Roach  
  65  6:08  Roach  
  65  6:09  Roach x3  
  65  6:10  Overlord  
  73  6:19  Drone x3  
  76  6:25  Overlord  
  76  6:26  Hatchery, Overlord  
  76  6:28  Glial Reconstitution  
  75  6:45  Roach x3  
  75  6:46  Roach x5  
  90  6:49  Overlord  
  90  6:54  Extractor  
  89  7:03  Roach x3  
  89  7:04  Roach  
  95  7:16  Roach x4  
  98  7:26  Roach x5  
  101  7:37  Roach x2  
  101  7:39  Drone x2  
  99  7:47  Drone  
  99  7:48  Drone x2  
  96  8:04  Roach x3  
  96  8:05  Roach x2  
  102  8:12  Drone  
  93  8:18  Evolution Chamber  
  86  8:20  Roach x4  
  86  8:21  Roach x2  
Show
View Real Time Build Order
Export as new Build Order

Dessa Zerg 

Build Orders: Pool First 

Get SALT Encoding   

  12  0:01  Drone  
  13  0:12  Overlord  
  13  0:17  Drone  
  14  0:30  Drone  
  14  0:31  Drone  
  14  0:35  Drone  
  17  0:42  Extractor  
  16  0:45  Drone  
  17  0:51  Spawning Pool  
  17  0:56  Drone  
  17  1:19  Hatchery  
  17  1:22  Drone  
  17  1:38  Zergling x4  
  17  1:39  Zergling x2  
  20  1:43  Metabolic Boost  
  20  1:50  Overlord  
  20  1:59  Queen  
  22  2:11  Drone  
  22  2:12  Baneling Nest  
  22  2:17  Drone  
  22  2:22  Zergling x2  
  24  2:31  Zergling x2  
  25  2:46  Drone  
  25  2:47  Drone  
  25  2:48  Zergling x2  
  28  2:53  Zergling x2  
  28  2:55  Overlord  
  29  3:03  Overlord  
  29  3:08  Baneling x2  
  29  3:13  Baneling x2  
  28  3:36  Zergling x2  
  28  3:37  Zergling x6  
  31  3:41  Zergling x6  
  31  3:46  Zergling x2  
  34  3:56  Zergling x2  
  34  3:57  Zergling x4  
  33  4:04  Drone  
  33  4:06  Baneling x3  
  33  4:08  Drone  
  35  4:18  Drone x4  
  39  4:31  Queen  
  39  4:35  Drone, Evolution Chamber  
  39  4:36  Drone x2  
  39  4:37  Drone, Roach Warren  
  43  4:38  Extractor  
  43  4:41  Drone  
  42  4:54  Drone  
  42  4:55  Overlord  
  42  4:57  Overlord  
  43  5:13  Pneumatized Carapace  
  43  5:16  Lair  
  43  5:27  Drone x5  
  43  5:28  Drone  
  49  5:33  Drone x3  
  51  5:36  Zerg Missile Weapons Level 1  
  51  5:41  Extractor, Evolution Chamber  
  51  5:42  Drone x2  
  51  5:43  Drone x2  
  51  5:44  Drone  
  54  5:52  Roach  
  55  5:58  Roach  
  52  6:13  Roach x4  
  58  6:25  Overlord  
  58  6:26  Overlord  
  58  6:33  Zerg Ground Armor Level 1  
  58  6:37  Glial Reconstitution  
  58  6:49  Drone  
  58  6:50  Drone x2, Extractor  
  58  6:51  Drone  
  61  7:00  Roach  
  61  7:01  Roach x6  
  68  7:20  Roach  
  68  7:21  Roach x2  
  57  7:31  Roach x2  
  56  7:39  Roach x6, Queen  
  68  7:48  Roach  
  68  7:49  Roach  
  70  7:56  Roach  
  59  8:10  Roach x3  
  57  8:18  Roach  
  57  8:19  Roach  
  51  8:25  Spine Crawler  
  46  8:27  Spine Crawler  
Tags
 
Add a new tag
Caveats
  • Supply blocks, unpowered buildings, or Contaminate may cause inaccurate times.
  • Supply counts are checked every 10 seconds.